 Dungeon Crawl Stone Soup version 0.30-a0-54-g2e61a25929 (webtiles) character file.

Game seed: 5553080723144170891

193 jlumianski the Chopper (level 5, -1/39 HPs)
             Began as a Demonspawn Gladiator on Sept 8, 2022.
             Killed from afar by a gnoll (9 damage)
             ... with a puff of flame
             ... on level 3 of the Dungeon.
             The game lasted 00:08:05 (1827 turns).

jlumianski the Chopper (Demonspawn Gladiator)       Turns: 1827, Time: 00:08:06

Health: -1/39      AC:  8    Str: 17    XL:     5   Next: 44%
Magic:  5/5        EV:  8    Int:  9    God:
Gold:   30         SH:  0    Dex: 14    Spells: 4/4 levels left

rFire   . . .      SeeInvis .    a - +0 war axe (protect)
rCold   . . .      Faith    .    (no shield)
rNeg    . . .      Spirit   .    j - +0 chain mail
rPois   .          Reflect  .    (helmet unavailable)
rElec   .          Harm     .    (no cloak)
rCorr   .          Rampage  .    (no gloves)
Will    .....                    (no boots)
Stlth   ..........               (no amulet)
HPRegen 0.13/turn                (no ring)
MPRegen 0.09/turn                (no ring)

@: no status effects
A: horns 3
a: no special abilities


You were on level 3 of the Dungeon.
You visited 1 branch of the dungeon, and saw 3 of its levels.
You also visited: Sewer.

You collected 30 gold pieces.

Inventory:

Hand Weapons
 a - a +0 war axe of protection (weapon)
Missiles
 d - 2 throwing nets (quivered)
 e - a javelin
 i - 2 datura-tipped darts
 l - 19 stones
Armour
 b - a +0 leather armour
 c - a +0 helmet
 h - a +0 ring mail
 j - a +0 chain mail (worn)
Scrolls
 o - 2 scrolls of blinking {unknown}
 p - a scroll of amnesia {unknown}
 q - a scroll of enchant weapon {unknown}
 r - a scroll of summoning {unknown}
 s - a scroll of butterflies {unknown}
Potions
 g - a potion of ambrosia {unknown}
 k - a potion of cancellation {unknown}
 m - a potion of berserk rage {unknown}
 n - a potion of heal wounds {unknown}
 t - a potion of invisibility {unknown}
 u - a potion of magic {unknown}
 v - a potion of brilliance {unknown}


   Skills:
 + Level 2.5 Fighting
 + Level 4.6 Axes
 + Level 2.0 Throwing
 + Level 1.8 Armour
 + Level 3.0 Dodging


You had 4 spell levels left.
You didn't know any spells.
Your spell library contained the following spells:

 Spells                   Type           Power      Damage    Failure   Level
 Gell's Gravitas          Tloc           0%         N/A       100%        3
 Lesser Beckoning         Tloc           0%         N/A       100%        3
 Teleport Other           Tloc           0%         N/A       100%        3


Dungeon Overview and Level Annotations

Branches:
Dungeon (3/15)              Sewer (visited)

Altars:
Uskayaw


Innate Abilities, Weirdness & Mutations

You have a pair of large horns on your head.


Message History

Things that are here:
a +0 spear; a +0 leather armour; a gnoll corpse You closely miss the gnoll.
The gnoll zaps a wand.
The puff of flame hits you!
* * * LOW HITPOINT WARNING * * *
The gnoll hits you but does no damage.
You slash the gnoll!
The gnoll is heavily wounded.
The gnoll hits you with a +0 spear.
* * * LOW HITPOINT WARNING * * *
The gnoll hits you from afar with a +0 spear.
* * * LOW HITPOINT WARNING * * *
You feel better.
The gnoll hits you from afar with a +0 spear.
* * * LOW HITPOINT WARNING * * *
The gnoll closely misses you.
You closely miss the gnoll.
The gnoll is heavily wounded.
The gnoll hits you but does no damage. x2; The gnoll zaps a wand.
The puff of flame misses you. The gnoll hits you but does no damage.
You barely miss the gnoll.
The gnoll is heavily wounded.
The gnoll hits you with a +0 spear.
* * * LOW HITPOINT WARNING * * *
The gnoll hits you but does no damage.
You feel better.
The gnoll zaps a wand.
The puff of flame hits you. The gnoll barely misses you.
Throw: 3 throwing nets
Press: ? - help, Q - select action, (/) - cycle Shift-Dir - straight line, f - gnoll
Aim: a gnoll, wielding a +0 spear and carrying a wand of flame (24) (heavily wounded, 64% to hit)
You throw a throwing net. The throwing net hits the gnoll.
The gnoll is caught in the net!
The gnoll is heavily wounded.
The gnoll struggles against the net.
The gnoll hits you but does no damage.
The gnoll struggles against the net.
The gnoll zaps a wand.
The puff of flame hits you.
* * * LOW HITPOINT WARNING * * *
The gnoll struggles against the net.
The gnoll struggles against the net.
The gnoll zaps a wand.
The puff of flame hits you!
You die...

#######...#########รท#
..............##....#
#############.##.####
#.##.# #.##.# #.##.#
#.##.# #.##.#
########.##@#
#...gg).....#
#.#.#########


You could see 2 gnolls.

Vanquished Creatures
  Pargi (Sewer)
  A hound (D:3)
  A gnoll (D:3)
  An adder (Sewer)
  A worm (D:3)
  A dart slug (D:3)
  4 orcs (D:3)
  3 endoplasms
  A giant cockroach (D:3)
  4 goblins
  3 hobgoblins
  2 jackals (D:1)
  3 quokkas
  A ball python (D:1)
  3 bats
  8 frilled lizards
  A rat (D:1)
39 creatures vanquished.

Vanquished Creatures (others)
  7 toadstools (D:1)
7 creatures vanquished.

Grand Total: 46 creatures vanquished

Notes
Turn   | Place    | Note
-------+----------+-------------------------------------------
     0 | D:1      | jlumianski the Demonspawn Gladiator began the quest for the
                  | Orb.
     0 | D:1      | Reached XP level 1. HP: 16/16 MP: 1/1
   616 | D:1      | Gained mutation: You have a pair of small horns on your
                  | head. [demonic ancestry]
   616 | D:1      | Reached XP level 2. HP: 19/22 MP: 2/2
   950 | D:1      | Reached skill level 1 in Armour
  1051 | D:3      | Reached skill level 3 in Axes
  1102 | D:3      | Gained mutation: You have a pair of horns on your head.
                  | [demonic ancestry]
  1102 | D:3      | Reached XP level 3. HP: 16/27 MP: 3/3
  1232 | D:3      | Noticed a +0 dagger
  1233 | D:3      | Noticed a +0 spear
  1234 | D:3      | Noticed a +0 short sword
  1235 | D:3      | Noticed a +0 short sword
  1235 | D:3      | Noticed a +0 falchion
  1238 | D:3      | Noticed a +0 spear
  1238 | D:3      | Noticed a +0 falchion
  1238 | D:3      | Noticed a +0 dagger
  1240 | D:3      | Found a hide-covered altar of Uskayaw.
  1309 | D:3      | Reached XP level 4. HP: 18/33 MP: 4/4
  1351 | D:3      | Found a glowing drain.
  1356 | Sewer    | Entered a sewer
  1503 | Sewer    | Noticed Pargi
  1516 | Sewer    | Killed Pargi
  1517 | Sewer    | Reached skill level 4 in Axes
  1517 | Sewer    | Gained mutation: You have a pair of large horns on your
                  | head. [demonic ancestry]
  1517 | Sewer    | Reached XP level 5. HP: 30/39 MP: 5/5
  1827 | D:3      | Killed from afar by a gnoll

Illustrated notes

Levels and vault maps discovered:
D:1:      nagdon_arrival_zigzag_paths, layout_basic
D:2:      layout_loops_corners, minivault_25, hex_large
D:3:      layout_loops_ring, nicolae_uskayaw_en_pointe, portal_sewer_entry_e

Skill      XL: |  1  2  3  4 |
---------------+-------------+-----
Throwing       | 2 |  2.0
Armour         | 1 |  1.8
Axes           | 3 4 |  4.6
Dodging        | 3 |  3.0
Fighting       | |  2.5

Action                   |  1- 3 |  4- 6 || total
-------------------------+-------+-------++-------
Melee: War axe           |    88 |    35 ||   123
       Headbutt          |     6 |     8 ||    14
       Punch             |     1 |       ||     1
Throw: Throwing net      |       |     4 ||     4
  Use: Scroll            |     3 |       ||     3
       Potion            |     1 |     3 ||     4
Armor: Ring mail         |    16 |       ||    16
       Leather armour    |     2 |       ||     2
       Chain mail        |    19 |    39 ||    58
Dodge: Dodged            |    69 |    18 ||    87

Table legend: (Time is in decaauts)
 A = Elapsed time spent in this place.
 B = Non-inter-level travel time spent in this place.
 C = Inter-level travel time spent in this place.
 D = Time resting spent in this place.
 E = Time spent auto-exploring this place.
 F = Levels seen in this place.
 G = Mean time per level.
                   A        B        C        D        E       F      G
               +--------+--------+--------+--------+--------+-----+--------+
         Total |   1937 |   1937 |      0 |    307 |    646 |   4 |  484.2 |
       Dungeon |   1462 |   1462 |      0 |    216 |    472 |   3 |  487.3 |
         Sewer |    475 |    475 |      0 |     91 |    174 |   1 |  475.0 |
               +--------+--------+--------+--------+--------+-----+--------+

Top non-repeatable levels by time:
     D:1: 968 daAuts
   Sewer: 475 daAuts
     D:3: 458 daAuts
     D:2: 35 daAuts
